AoeStats
← Reis

Nomad

506823147Analyzed
4v4 RM · 18d ago on Sep 15, 2026· 41m 42s· 8 players
Game mode
Random Map
Map size
231×231
Population
200
Speed
Normal
Resources
Standard
Victory
Conquest
Starting age
Dark Age
Ending age
Imperial Age
RankedLock teamsTeams togetherTeam positionsShared explorationLock speedFull tech treeHidden civsTurbo modeCheats
Victory
Defeat
🇹🇼 Malay · Taiwan
1513
+9
🇨🇳 Byzantines · China
1478
+10
🇨🇳 Chinese · China
1420
+12
🇨🇳 Cumans · China
1332
+17
🇦🇹 Japanese · Austria
1375
-13
🇨🇴 Lithuanians · Colombia
1365
-13
🇨🇭 Dravidians · Switzerland
1321
-11
🇦🇺 Italians · Australia
1312
-11
男高杀手
3:20 Loom
13:35 Feudal Age
17:41 Castle Age
15:32 Double-Bit Axe
16:33 Horse Collar
16:51 Fletching
17:51 Gold Mining
18:58 Bodkin Arrow
20:06 Bow Saw
25:57 Bloodlines
30:31 Stone Mining
33:34 Imperial Age
31:41 Ballistics
31:22 Padded Archer Armor
31:25 Husbandry
32:26 Thumb Ring
32:38 Stone Mining
33:35 Wheelbarrow
34:39 Bracer
35:41 Chemistry
35:03 Leather Archer Armor
35:06 Murder Holes
36:03 Stone Shaft Mining
35:17 Town Watch
35:27 Capped Ram
35:42 Heavy Cavalry Archer
37:29 Conscription
38:11 Ring Archer Armor
38:41 Siege Ram
41:51 Masonry
elmor
4:48 Loom
14:02 Feudal Age
18:32 Castle Age
21:34 Double-Bit Axe
29:09 Forging
39:44 Bow Saw
[Fx、]AirDk
4:50 Loom
12:53 Feudal Age
17:18 Castle Age
15:32 Double-Bit Axe
17:36 Scale Barding Armor
19:53 Forging
21:40 Demolition Ship
22:35 Medium Warships
25:16 Chain Barding Armor
26:35 Wheelbarrow
26:11 Bow Saw
26:27 Horse Collar
29:42 Demolition Ship
37:04 Imperial Age
34:44 Scale Mail Armor
35:43 Iron Casting
35:09 Fishing Lines
35:06 Pikeman
35:47 Squires
36:03 Chain Mail Armor
35:50 Gold Mining
35:52 Stone Mining
36:36 Arson
37:34 Hand Cart
37:57 Gold Shaft Mining
37:23 Heavy Plow
37:41 Treadmill Crane
37:24 Halberdier
38:47 Plate Mail Armor
39:14 Fletching
40:33 Chemistry
39:58 Conscription
40:47 Two-Man Saw
3YC
5:05 Loom
14:55 Feudal Age
15:30 Double-Bit Axe
20:21 Man-at-Arms
24:25 Horse Collar
26:45 Fletching
27:54 Wheelbarrow
35:09 Castle Age
42:34 Imperial Age
40:35 Hand Cart
39:44 Capped Ram
41:36 Bow Saw
Reis
5:45 Loom
13:21 Feudal Age
14:05 Double-Bit Axe
21:00 Castle Age
18:57 Fishing Lines
22:58 Bow Saw
22:54 Gillnets
27:12 Wheelbarrow
29:22 Gold Mining
29:22 Stone Mining
29:51 Horse Collar
31:56 Hand Cart
31:46 Heavy Plow
33:59 Fletching
38:02 Imperial Age
36:24 Forging
36:20 Scale Barding Armor
36:19 Husbandry
38:00 Iron Casting
38:48 Chain Barding Armor
39:15 Conscription
40:47 Blast Furnace
FC_YeyeAge10
3:29 Loom
12:41 Feudal Age
13:33 Double-Bit Axe
16:24 Castle Age
16:36 Horse Collar
17:37 Bow Saw
18:03 Medium Warships
22:01 Wheelbarrow
21:11 Town Watch
23:21 Fletching
24:03 Town Watch
32:24 Imperial Age
31:43 Ballistics
31:34 Masonry
36:05 Scale Barding Armor
38:19 Chain Barding Armor
38:19 Bodkin Arrow
39:49 Bracer
40:06 Bloodlines
39:57 Husbandry
41:07 Devotion
Listiger
4:28 Loom
12:23 Feudal Age
13:08 Double-Bit Axe
13:03 Man-at-Arms
22:24 Castle Age
21:37 Scale Mail Armor
22:37 Long Swordsman
25:46 Fletching
33:51 Fishing Lines
37:30 Horse Collar
38:52 Bodkin Arrow
40:27 Guard Tower
fxstriker
4:45 Loom
16:00 Feudal Age
19:26 Castle Age
17:34 Double-Bit Axe
20:21 Medium Warships
21:29 Bow Saw
21:01 Horse Collar
21:57 Wheelbarrow
21:13 Gold Mining
25:02 Fletching
27:05 Bodkin Arrow
30:42 Padded Archer Armor
31:19 Ballistics
Connection lost

Rejoining the realm…

Still unreachable

The connection could not be restored.

Session expired

The server has moved on; the page needs a fresh start.